 Dungeon Crawl Stone Soup version 0.29.0-4-gdea44cf6ec (webtiles) character file.

Game seed: 5537959963494377617

451 qw the Chopper (level 7, -1/40 HPs)
             Began as a Tengu Warper on Aug 28, 2022.
             Succumbed to an orc's poison
             ... on level 5 of the Dungeon.
             The game lasted 00:00:27 (4978 turns).

qw the Chopper (Tengu Warper)                       Turns: 4978, Time: 00:00:28

Health: -1/40      AC: 10    Str: 20    XL:     7   Next: 4%
Magic:  11/11      EV:  9    Int: 13    God:
Gold:   240        SH:  4    Dex: 13    Spells: 10/10 levels left

rFire   . . .      SeeInvis .   Y - +0 hand axe
rCold   . . .      Faith    .   c - +0 buckler
rNeg    . . .      Spirit   .   a - +0 chain mail
rPois   .          Reflect  .   (helmet restricted)
rElec   .          Harm     .   h - +0 cloak
rCorr   .          Rampage  .   (no gloves)
Will    .....                   (boots unavailable)
Stlth   ..........              (no amulet)
HPRegen 0.13/turn               j - +6 ring of strength
MPRegen 0.12/turn               (no ring)

@: lethally poisoned (-1 -> -13), flying quickly and evasively, quick
A: beak, talons 3, nimble flight
a: no special abilities


You were on level 5 of the Dungeon.
You visited 1 branch of the dungeon, and saw 5 of its levels.

You collected 240 gold pieces.


Innate Abilities, Weirdness & Mutations

You have a beak for a mouth.
You have claws for feet.
Your magical nature lets you fly swiftly and evasively.


   Skills:
 + Level 2.3 Fighting
 - Level 7.0 Axes
 - Level 1.0 Throwing
 - Level 3.3 Armour
 - Level 2.1 Dodging
 - Level 1.0 Shields
 - Level 2.0 Spellcasting
 - Level 2.4 Translocations


You had 10 spell levels left.
You didn't know any spells.
Your spell library contained the following spells:

 Spells                   Type           Power      Damage    Failure   Level
 Blink                    Tloc           14%        N/A       90%         2
 Gell's Gravitas          Tloc           7%         N/A       99%         3
 Lesser Beckoning         Tloc           7%         N/A       99%         3
 Teleport Other           Tloc           7%         N/A       99%         3
 Manifold Assault         Tloc           7%         N/A       100%        5

Inventory:

Hand Weapons
 k - a +0 flail
 Y - a +0 hand axe (weapon)
Armour
 a - a +0 chain mail (worn)
 c - a +0 buckler (worn)
 h - a +0 cloak (worn)
Jewellery
 j - a +6 ring of strength (left hand)
Scrolls
 i - 2 scrolls of identify
Potions
 d - 3 potions of might
 e - a potion of haste
 f - a potion of curing

Dungeon Overview and Level Annotations

Branches:
Dungeon (5/15)
 Temple: D:4-7

Altars:
Uskayaw

Shops:
D:3 (


Message History

You hit the orc wizard. You claw the orc wizard! You peck the orc wizard.
You kill the orc wizard!
You have reached level 7!
You hit the orc but do no damage. Your kick misses the orc.
The orc hits you but does no damage.
You are poisoned.
You hit the orc but do no damage. Your kick misses the orc.
You feel sick.
The orc hits you with a +1 whip of venom.
You are more poisoned.
You hit the orc. You claw the orc, but do no damage. Your peck misses the orc.
The orc is heavily wounded.
You feel very sick. The orc hits you but does no damage.
You are more poisoned.
You hit the orc. Your kick misses the orc.
The orc is severely wounded.
You feel very sick.
The orc hits you with a +1 whip of venom.
You are lethally poisoned!
You hit the orc but do no damage.
The orc is severely wounded.
You feel very sick. The orc misses you.
You completely miss the orc. Your peck misses the orc.
The orc is severely wounded.
You feel very sick. The orc hits you but does no damage.
You are more poisoned.
You hit the orc but do no damage. You claw the orc, but do no damage.
You peck the orc.
You kill the orc!
You feel very sick.
You hit the orc but do no damage. You claw the orc.
The orc is moderately wounded.
You feel very sick. The orc barely misses you.
You hit the orc.
You kill the orc!
You die...

#.# #.# #.#
#.# #o# #o#
#)# #@#
#.##########
#
#..........#
#
##########.#
# #.# ## #.#
##.
#.#####..
#.#[.....
#.# ###..


You could see 2 orcs.

Vanquished Creatures
  A centaur (D:4)
  A necrophage (D:5)
  A hound (D:2)
  Ijyb (D:4)
  3 iguanas (D:4)
  An orc wizard (D:5)
  8 adders
  2 dart slugs
  2 worms
  4 orcs
  12 endoplasms
  2 giant cockroaches
  8 goblins
  5 hobgoblins
  3 quokkas
  10 ball pythons
  8 bats
  2 frilled lizards
  2 kobolds
  5 rats
81 creatures vanquished.

Vanquished Creatures (others)
  2 plants (D:2)
  10 toadstools (D:4)
12 creatures vanquished.

Grand Total: 93 creatures vanquished

Notes
Turn   | Place    | Note
-------+----------+-------------------------------------------
     0 | D:1      | qw the Tengu Warper began the quest for the Orb.
     0 | D:1      | Reached XP level 1. HP: 12/12 MP: 4/4
     0 | D:1      | 0 ||| qw: Version: 0.1-a-89-g26bdef1
     0 | D:1      | 0 ||| qw: Game counter: 894
     0 | D:1      | 0 ||| qw: Always use a shield: true
     0 | D:1      | 0 ||| qw: God list: Okawaru
     0 | D:1      | 0 ||| qw: Allow faded altars: false
     0 | D:1      | 0 ||| qw: Do Orc after D:15 true
     0 | D:1      | 0 ||| qw: Do second Lair branch before Depths: true
     0 | D:1      | 0 ||| qw: Lair rune preference: random
     0 | D:1      | 0 ||| qw: Plans: Normal
     0 | D:1      | 0 ||| PLANNING D:1-11
    24 | D:1      | 24 ||| Stepping ~*~*~tactically~*~*~ (stealth).
    26 | D:1      | 26 ||| Stepping ~*~*~tactically~*~*~ (stealth).
   112 | D:1      | 112 ||| DROPPING +0 club.
   156 | D:1      | Reached XP level 2. HP: 17/17 MP: 6/6
   216 | D:1      | Reached skill level 3 in Axes
   575 | D:1      | 575 ||| Stepping ~*~*~tactically~*~*~ (stealth).
   576 | D:1      | 576 ||| Stepping ~*~*~tactically~*~*~ (stealth).
   579 | D:1      | 579 ||| Stepping ~*~*~tactically~*~*~ (stealth).
   788 | D:1      | Reached XP level 3. HP: 19/21 MP: 7/7
  1183 | D:1      | 1183 ||| UPGRADING to +0 scale mail.
  1193 | D:1      | 1193 ||| DROPPING +0 leather armour.
  1194 | D:1      | 1194 ||| UPGRADING to +0 cloak.
  1199 | D:1      | 1199 ||| UPGRADING to +6 ring of strength.
  1200 | D:1      | 1200 ||| READING scroll labelled BOSTO VAAWERISS.
  1201 | D:1      | 1201 ||| READING 3 scrolls labelled ZOABRE ZENA.
  1202 | D:1      | 1202 ||| DRINKING 2 glowing grey potions.
  1203 | D:1      | 1203 ||| DROPPING scroll of blinking.
  1352 | D:2      | Reached skill level 4 in Axes
  1421 | D:2      | Reached XP level 4. HP: 14/26 MP: 8/8
  1503 | D:2      | 1503 ||| FLEEEEING.
  1770 | D:2      | Found a hide-covered altar of Uskayaw.
  1815 | D:2      | 1815 ||| Stepping ~*~*~tactically~*~*~ (hiding).
  1818 | D:2      | 1818 ||| Stepping ~*~*~tactically~*~*~ (hiding).
  1827 | D:2      | Reached skill level 5 in Axes
  2243 | D:2      | 2243 ||| UPGRADING to +0 chain mail.
  2253 | D:2      | 2253 ||| DROPPING +0 scale mail.
  2254 | D:2      | 2254 ||| READING 2 scrolls labelled JICUQO LEI.
  2404 | D:2      | 2404 ||| READING scroll labelled DUFOON LUSOAP.
  2405 | D:2      | 2405 ||| DRINKING 2 bubbling brown potions.
  2406 | D:2      | 2406 ||| READING 3 scrolls of identify.
  2406 | D:2      | 2406 ||| IDENTIFYING coppery potion
  2407 | D:2      | 2407 ||| DROPPING scroll of torment.
  2408 | D:2      | 2408 ||| DROPPING potion of attraction.
  2409 | D:2      | 2409 ||| DROPPING potion of degeneration.
  2577 | D:3      | 2577 ||| Stepping ~*~*~tactically~*~*~ (stealth).
  2718 | D:3      | Found Puckigu's Antique Weapon Emporium.
  2723 | D:3      | 2723 ||| SHOPLISTING glowing hand axe (162 gold, have 146).
  2863 | D:3      | Identified the +6 whip of Xetuoc {vorpal, rN+ Dex+3 Stlth+}
  2865 | D:3      | 2865 ||| DROPPING +0 mace.
  3039 | D:3      | 3039 ||| UPGRADING to +0 buckler.
  3044 | D:3      | 3044 ||| READING 2 scrolls labelled HAMUGG KYECS.
  3048 | D:3      | 3048 ||| READING 2 scrolls of identify.
  3048 | D:3      | 3048 ||| IDENTIFYING bubbling cyan potion
  3091 | D:4      | 3091 ||| Stepping ~*~*~tactically~*~*~ (stealth).
  3113 | D:4      | 3113 ||| Stepping ~*~*~tactically~*~*~ (stealth).
  3133 | D:4      | Noticed a centaur
  3170 | D:4      | Reached skill level 1 in Shields
  3170 | D:4      | Gained mutation: Your magical nature lets you fly swiftly
                  | and evasively. [Tengu growth]
  3170 | D:4      | Reached XP level 5. HP: 30/30 MP: 9/9
  3174 | D:4      | 3174 ||| DROPPING +6 whip of Xetuoc {vorpal, rN+ Dex+3
                  | Stlth+}.
  3191 | D:4      | 3191 ||| Stepping ~*~*~tactically~*~*~ (stealth).
  3192 | D:4      | 3192 ||| FLEEEEING.
  3193 | D:4      | 3193 ||| FLEEEEING.
  3194 | D:4      | 3194 ||| FLEEEEING.
  3195 | D:4      | 3195 ||| FLEEEEING.
  3196 | D:4      | 3196 ||| FLEEEEING.
  3297 | D:4      | 3297 ||| FLEEEEING.
  3300 | D:4      | 3300 ||| FLEEEEING.
  3301 | D:4      | 3301 ||| FLEEEEING.
  3302 | D:4      | 3302 ||| FLEEEEING.
  3303 | D:4      | 3303 ||| FLEEEEING.
  3305 | D:4      | 3305 ||| FLEEEEING.
  3306 | D:4      | 3306 ||| FLEEEEING.
  3314 | D:4      | 3314 ||| FLEEEEING.
  3315 | D:4      | 3315 ||| FLEEEEING.
  3316 | D:4      | 3316 ||| STAIRDANCE
  3348 | D:3      | 3348 ||| READING scroll labelled URIRUI DORPHU.
  3349 | D:3      | 3349 ||| READING 2 scrolls of identify.
  3349 | D:3      | 3349 ||| IDENTIFYING pink potion
  3393 | D:4      | 3393 ||| Stepping ~*~*~tactically~*~*~ (stealth).
  3415 | D:4      | Reached skill level 6 in Axes
  3605 | D:4      | 3605 ||| Stepping ~*~*~tactically~*~*~ (stealth).
  3615 | D:4      | HP: 6/30 [centaur (6)]
  3616 | D:4      | 3616 ||| READING scroll of teleportation.
  3618 | D:4      | Killed a centaur
  3619 | D:4      | Reached skill level 3 in Armour
  3619 | D:4      | Reached XP level 6. HP: 6/35 MP: 10/10
  3636 | D:4      | 3636 ||| FLEEEEING.
  3637 | D:4      | 3637 ||| FLEEEEING.
  3638 | D:4      | 3638 ||| FLEEEEING.
  3639 | D:4      | 3639 ||| FLEEEEING.
  3640 | D:4      | 3640 ||| FLEEEEING.
  3642 | D:4      | 3642 ||| STAIRDANCE
  3875 | D:3      | 3875 ||| READING scroll labelled BUS OTUTWIUTZ.
  4097 | D:4      | Noticed Ijyb
  4103 | D:4      | Killed Ijyb
  4703 | D:4      | 4703 ||| READING scroll labelled FOBEWA TOLL.
  4786 | D:4      | 4786 ||| Stepping randomly (stuck).
  4812 | D:5      | Entered Level 5 of the Dungeon
  4909 | D:5      | Reached skill level 7 in Axes
  4970 | D:5      | Reached XP level 7. HP: 33/40 MP: 11/11
  4975 | D:5      | HP: 9/40 [poisoned by an orc]
  4977 | D:5      | HP: 2/40 [poisoned by an orc]
  4978 | D:5      | Succumbed to an orc's poison

Levels and vault maps discovered:
D:1:      mrwooster_arrival_arrow, layout_basic, minmay_misc_feat_room,
          minmay_close_crescents
D:2:      minmay_door_path, layout_basic, basic_altar, guppyfry_early_lair_pool
D:3:      layout_loops_cross, serial_shops, shop, minmay_misc_feat_hallway
D:4:      minmay_clustersquares, layout_rooms, tgw_fedhas, uniq_ijyb
D:5:      layout_loops_ring

Skill      XL: |  1  2  3  4  5  6 |
---------------+-------------------+-----
Axes           | 3 4 5 6 7 |  7.0
Shields        | 1 |  1.0
Armour         | 3 |  3.3
Fighting       | |  2.3
Throwing       | |  1.0
Dodging        | |  2.1
Spellcasting   | |  2.0
Translocations | |  2.4

Action                   |  1- 3 |  4- 6 |  7- 9 || total
-------------------------+-------+-------+-------++-------
Melee: Hand axe          |    69 |   159 |     9 ||   237
       Kick              |    16 |    44 |     3 ||    63
       Peck              |    11 |    30 |     1 ||    42
       Punch             |     2 |       |       ||     2
Throw: Boomerang         |     7 |       |       ||     7
  Use: Scroll            |     2 |    10 |       ||    12
       Potion            |     1 |     1 |       ||     2
Armor: Leather armour    |    12 |       |       ||    12
       Scale mail        |     6 |     8 |       ||    14
       Chain mail        |       |    54 |     3 ||    57
Dodge: Dodged            |    36 |    51 |     2 ||    89
Block: Buckler           |       |    17 |       ||    17

Table legend:
 A = Non-vault XP
 B = Vault XP
 C = Vault XP percentage of total XP
 D = Non-vault monster count
 E = Vault monster count
 F = Vault count percentage of total count
                 A         B        C        D         E       F
            +---------+---------+-------+---------+---------+-------
      Total |     399 |     249 |  38.4 |      60 |      21 |  25.9
            +---------+---------+-------+---------+---------+-------
        D:1 |      31 |       8 |  20.5 |      18 |       5 |  21.7
        D:2 |      72 |       8 |  10.0 |      17 |       4 |  19.0
        D:3 |      28 |       0 |   0.0 |      10 |       0 |   0.0
        D:4 |     125 |     233 |  65.1 |      10 |      12 |  54.5
        D:5 |     143 |       0 |   0.0 |       5 |       0 |   0.0
            +---------+---------+-------+---------+---------+-------
